 Dungeon Crawl Stone Soup version 0.16.1-14-g82efdee (webtiles) character file.

282 KarvaRausku the Caller (level 6, 0/32 HPs)
             Began as a Tengu Summoner on Apr 12, 2015.
             Killed from afar by Natasha (7 damage)
             ... with a magic dart
             ... on level 3 of the Dungeon.
             The game lasted 00:15:49 (4302 turns).

KarvaRausku the Caller (Tengu Summoner)             Turns: 4302, Time: 00:15:50

Health: 0/32       AC:  3    Str:  9    XL:     6   Next: 28%
Magic:  15/17      EV: 15    Int: 17    God:
Gold:   156        SH:  0    Dex: 14    Spells: 2 memorised, 10 levels left

rFire  + . .     SeeInvis .     l - +1 spear
rCold  . . .     Clarity  .     q - +0 robe
rNeg   . . .     SustAb   .     (no shield)
rPois  .         Gourm    .     s - +0 hat
rElec  .         Spirit   .     (no cloak)
rCorr  .         Warding  .     d - +0 pair of gloves
rMut   .         Stasis   .     (boots unavailable)
MR     .....                    r - amulet of inaccuracy (curse)
Stlth  ++........               j - ring of protection from fire
                                i - +2 ring of evasion

@: not resistant to hostile enchantments, unstealthy
A: able to fly, beak, talons 3
a: Fly


You were on level 3 of the Dungeon.
You were not hungry.

You visited 1 branch of the dungeon, and saw 3 of its levels.

You collected 156 gold pieces.

Inventory:

Hand weapons
 f - a +0 hand axe
 h - a +0 dagger
 l - a +1 spear (weapon)
 t - a +2 mace of holy wrath
Armour
 a - a +0 robe
 d - a +0 pair of gloves (worn)
 e - a +0 leather armour
 k - a +2 pair of boots
 q - a +0 robe (worn)
 s - a +0 hat (worn)
Jewellery
 i - a +2 ring of evasion (left hand)
 j - a ring of protection from fire (right hand)
 r - a cursed amulet of inaccuracy (around neck)
Scrolls
 w - a scroll of blinking {unknown}
 x - a scroll of fear {unknown}
 y - a scroll of enchant weapon
 A - a scroll of magic mapping
Potions
 m - a potion of mutation {unknown}
 o - a potion of invisibility
 u - 2 potions of berserk rage {unknown}
 v - a potion of cure mutation {unknown}
 z - a potion of might {unknown}
Books
 b - a book of Callings

   Spells                             Type                      Level
   a - Summon Small Mammal            Summoning                    1
   b - Call Imp                       Summoning                    2
   c - Call Canine Familiar           Summoning                    3
   d - Summon Guardian Golem          Hexes/Summoning              4
   e - Summon Lightning Spire         Summoning/Air                4
   f - Summon Ice Beast               Ice/Summoning                4
Comestibles
 c - 3 bread rations
 g - 2 beef jerkies
 p - a slice of pizza


   Skills:
 + Level 2.5 Dodging
 - Level 2.0 Stealth
 * Level 4.4 Spellcasting
 + Level 6.9 Summonings


You had 10 spell levels left.
You knew the following spells:

 Your Spells              Type           Power        Failure   Level  Hunger
a - Summon Small Mammal   Summ           ####         1%          1    None
b - Call Imp              Summ           ####....     1%          2    ##.....


Dungeon Overview and Level Annotations

Branches:
Dungeon (3/15)

Altars:
Qazlal
The Shining One

Annotations:
D:3 Natasha


Innate Abilities, Weirdness & Mutations

You can fly.
You have a beak for a mouth.
You have claws for feet.


Message History

Your quokka barely misses something.
Something closely misses your quokka. Something barely misses your quokka.
Something claws your quokka. Something barely misses your quokka.
Something claws your quokka!
Your quokka dies!
Your quokka's corpse disappears in a puff of smoke!
You feel yourself speed up.
You see here a giant cockroach corpse.
Your quokka disappears in a puff of smoke!
Your quokka disappears in a puff of smoke!
Natasha stares at you and mumbles some strange words.
The magic dart hits you!
* * * LOW HITPOINT WARNING * * *
There is an open door, spattered with blood here.
All of the chunks of flesh in your inventory have rotted away.
You close the door.
Natasha opens the door.
Natasha casts a spell at you. The magic dart hits you!
You die...

#########...#...#########
............'...........
#########...#...######.####
.....r.r.ยง..........#.....
.r#################.#..#
..##......# #....########
..##......# #...........# #
..##......#########....######.# #
....h....h'.....@....>.######.#.#
..##......#########...#........(#
..######### #...#.........# ###
#...#.........# #.#...........#
#.#...........# #.##..........#
#.(........# #.(........#


You could see Natasha.

Vanquished Creatures
  Natasha (D:3)
  5 adders
  A gnoll (D:2)
  2 worms
  2 giant geckos (D:2)
  An ooze (D:2)
  An orc (D:3)
  2 giant cockroaches
  8 hobgoblins
  6 bats
  6 giant newts
  9 goblins
  6 kobolds
  6 rats
56 creatures vanquished.

Vanquished Creatures (collateral kills)
  The ghost of jazmu the Chopper, an average HOAK of Lugonu (D:3)
  Terence (D:3)
  Robin (D:3)
  5 gnolls (D:2)
  An ooze (D:2)
  4 bats
  4 giant cockroaches
  4 hobgoblins
  A giant newt (D:1)
  5 goblins
  4 kobolds
  A rat (D:3)
32 creatures vanquished.

Vanquished Creatures (others)
  A white imp (D:2)
  A shadow imp (D:2)
  25 quokkas
  12 bats
  16 rats
55 creatures vanquished.

Grand Total: 143 creatures vanquished

Notes
Turn   | Place    | Note
--------------------------------------------------------------
     0 | D:1      | KarvaRausku, the Tengu Summoner, began the quest for the Orb.
     0 | D:1      | Reached XP level 1. HP: 10/10 MP: 3/3
    38 | D:1      | Reached skill level 5 in Summonings
   328 | D:1      | Reached XP level 2. HP: 6/15 MP: 1/5
  1259 | D:2      | Reached XP level 3. HP: 16/19 MP: 3/7
  1328 | D:2      | Learned a level 2 spell: Call Imp
  1664 | D:2      | Found a glowing golden altar of the Shining One.
  2061 | D:1      | Reached XP level 4. HP: 13/24 MP: 8/10
  2268 | D:2      | Found a stormy altar of Qazlal.
  2609 | D:2      | Reached skill level 6 in Summonings
  3003 | D:3      | Noticed Terence
  3014 | D:3      | Killed Terence
  3025 | D:3      | Reached XP level 5. HP: 15/28 MP: 10/13
  3258 | D:3      | Noticed jazmu's ghost (average HOAK)
  3336 | D:3      | Killed jazmu's ghost
  3628 | D:3      | Reached XP level 6. HP: 24/32 MP: 17/17
  3775 | D:3      | Noticed Natasha
  3790 | D:3      | Killed Natasha
  4010 | D:3      | Noticed Robin
  4051 | D:3      | Killed Robin
  4260 | D:3      | Noticed Natasha
  4302 | D:3      | Killed from afar by Natasha

Action                   |  1- 3 |  4- 6 || total
-------------------------+-------+-------++-------
Melee: Hand axe          |    34 |       ||    34
       Unarmed           |    12 |       ||    12
       Dagger            |    92 |    41 ||   133
       Spear             |       |   119 ||   119
 Cast: Summon Small Mamm |    39 |    63 ||   102
       Call Imp          |     4 |     1 ||     5
  Use: Scroll            |       |     2 ||     2
 Stab: Sleeping          |     3 |     3 ||     6
  Eat: Chunk             |     3 |     9 ||    12
